 Dungeon Crawl Stone Soup version 0.31-a0-851-g7ff8af7976 (webtiles) character file.

Game seed: 13462574671824346895

923 Nattfarinn the Fighter (level 8, 0/72 HPs)
             Began as a Formicid Shapeshifter on Oct 5, 2023.
             Was an Initiate of Hepliaklqana.
             Slain by Edmund
             ... wielding a +2 flail of protection
              (11 damage)
             ... on level 4 of the Dungeon.
             The game lasted 00:05:47 (4655 turns).

Nattfarinn the Fighter (Formicid Shapeshifter)      Turns: 4655, Time: 00:05:47

Health: 0/72       AC:  2    Str: 21    XL:     8   Next: 31%
Magic:  8/8        EV: 12    Int: 10    God:    Hepliaklqana [......]
Gold:   227        SH:  0    Dex: 13    Spells: 7/7 levels left

rFire   . . .        i - +0 lajatang
rCold   . . .        (no shield)
rNeg    . . .        a - +0 animal skin
rPois   .            (helmet unavailable)
rElec   .            (cloak currently unavailable)
rCorr   .            (gloves currently unavailable)
SInv    +            (boots currently unavailable)
Will    .....        (no amulet)
Stlth   +            (no ring)
HPRegen 0.32/turn    (no ring)
MPRegen 0.11/turn

%: no passive effects
@: beast-form
A: beast (slay +1), permanent stasis, dig shafts and tunnels, antennae 3, four
strong arms
a: Dig, Shaft Self, Begin Untransformation, Renounce Religion


You were on level 4 of the Dungeon.
You worshipped Hepliaklqana.
Hepliaklqana was noncommittal.
You were a hulking beast.
You visited 2 branches of the dungeon, and saw 6 of its levels.

You collected 227 gold pieces.

Inventory:

Hand Weapons
 i - a +0 lajatang (weapon)
Armour
 a - a +0 animal skin (worn)
Talismans
 c - a beast talisman (active)
 d - a flux talisman
Scrolls
 e - 4 scrolls of identify {unknown}
 h - a scroll of teleportation {unknown}
 j - a scroll of enchant weapon {unknown}
 k - a scroll of enchant armour {unknown}
 l - 2 scrolls of noise {unknown}
 n - a scroll of poison {unknown}
 q - a scroll of fear {unknown}
Potions
 b - 2 potions of lignification
 f - 3 potions of attraction {unknown}
 g - 2 potions of berserk rage {unknown}
 m - a potion of cancellation {unknown}
 o - a potion of enlightenment {unknown}
 p - a potion of heal wounds {unknown}


   Skills:
 + Level 9.9 Fighting
 - Level 1.7 Dodging
 - Level 3.0 Unarmed Combat
 - Level 3.2 Shapeshifting


You had 7 spell levels left.
You didn't know any spells.
Your spell library contained the following spells:

 Spells                   Type           Power      Damage    Failure   Level
 Slow                     Hex            0%         N/A       36%         1
 Lesser Beckoning         Tloc           0%         N/A       50%         2
 Momentum Strike          Conj/Tloc      0%         3d8       50%         2
 Confusing Touch          Hex            0%         N/A       75%         3
 Gell's Gravitas          Tloc           0%         N/A       75%         3
 Sigil of Binding         Hex            0%         N/A       75%         3
 Summon Guardian Golem    Hex/Summ       0%         N/A       75%         3
 Teleport Other           Tloc           0%         N/A       75%         3
 Vampiric Draining        Necr           0%         2d6       75%         3
 Orb of Destruction       Conj           0%         9d5       100%        7
 Spellforged Servitor     Conj/Summ      0%         N/A       100%        7
 Blink                    Tloc           Unusable   N/A       N/A         2

Dungeon Overview and Level Annotations

Branches:
Dungeon (5/15)             Temple (1/1) D:4

Altars:
Ashenzari
Cheibriados
Dithmenos
Elyvilon
Fedhas
Gozag
Hepliaklqana
Kikubaaqudgha
Makhleb
Nemelex Xobeh
Okawaru
Ru
Sif Muna
Trog
Vehumet
Wu Jian
Xom
Yredelemnul
Zin
The Shining One

Annotations:
D:4 Edmund


Innate Abilities, Weirdness & Mutations

You are a hulking beast.
Your limbs bulge with bestial killing power. (Slay +1)
You cannot be hasted, slowed, berserked, paralysed or teleported.
You can dig through walls and to a lower floor.
You have a pair of large antennae on your head. (SInv)
Your four strong arms can wield two-handed weapons with a shield.


Message History

Pikel barely misses you. The lemure hits you. The lemure completely misses you.
Pikel barely misses you.
Edmund the Younger comes into view.
He is wielding a +2 flail of protection and wearing a +2 chain mail of cold resistance.
Edmund shouts!
You hit Pikel.
Pikel is severely wounded.
Pikel closely misses you. The lemure completely misses you.
You barely miss Pikel.
Pikel is severely wounded.
Pikel closely misses you. The lemure hits you. Pikel misses you.
The lemure closely misses you.
You closely miss Pikel.
Pikel is severely wounded.
Pikel closely misses you. The lemure closely misses you.
You slash Pikel!
You kill Pikel!
With Pikel's spell broken, his former minions thank you for their freedom.
The lemure departs this earthly plane. x4
Your Fighting skill gained 2 levels and is now at level 9!
You have reached level 8!
You feel stronger.
Edmund is nearby!
Things that are here:
a +2 whip of flaming; a +0 robe; the kobold corpse of Pikel You closely miss Edmund.
Edmund closely misses you.
Edmund hits you with a +2 flail of protection!
You are too injured to fight recklessly!
You hit Edmund but do no damage.
Edmund hits you with a +2 flail of protection!
You slash Edmund!
Edmund is moderately wounded.
Edmund hits you with a +2 flail of protection.
* * * LOW HITPOINT WARNING * * *
Edmund hits you with a +2 flail of protection!
* * * LOW HITPOINT WARNING * * *
You hit Edmund but do no damage.
Edmund is moderately wounded.
Edmund hits you with a +2 flail of protection!
You die...
Edmund whines, "They better pay attention to me now!"

### ..# #.#
#.#########
##.####.#.@......
.........h#
#..###.>.##
#.........#
#.####...## ##
##.## { #. #.# #
# #. #.# #.# #.
##'##
#####.######.
##...##
#.........##.


You could see Edmund.

Vanquished Creatures
  Pikel (D:4)
  A howler monkey (D:4)
  A gnoll bouda (D:4)
  An orc priest (D:4)
  A sleepcap (D:4)
  Natasha (thrice) (D:2)
  An orc wizard (D:4)
  7 adders
  9 gnolls
  A white imp (D:5)
  4 worms
  2 dart slugs
  4 orcs
  3 bats
  3 endoplasms
  A giant cockroach (D:2)
  9 goblins
  8 hobgoblins
  3 jackals (D:2)
  4 quokkas
  5 ball pythons
  2 frilled lizards
  8 kobolds
  5 rats
87 creatures vanquished.

Notes
Turn   | Place    | Note
-------+----------+-------------------------------------------
     0 | D:1      | Nattfarinn the Formicid Shapeshifter began the quest for
                  | the Orb.
     0 | D:1      | Reached XP level 1. HP: 15/15 MP: 1/1
   249 | D:1      | Reached skill level 2 in Fighting
   259 | D:1      | Reached XP level 2. HP: 18/22 MP: 2/2
   305 | D:1      | Found a faded altar of an unknown god.
   981 | D:2      | Noticed Natasha
   988 | D:2      | Killed Natasha
   989 | D:2      | Reached skill level 3 in Fighting
   989 | D:2      | Reached XP level 3. HP: 26/30 MP: 3/3
  1067 | D:2      | Reached skill level 4 in Fighting
  1067 | D:2      | Reached XP level 4. HP: 14/37 MP: 4/4
  1252 | D:2      | Noticed Natasha
  1260 | D:2      | Killed Natasha
  1392 | D:2      | Reached XP level 5. HP: 22/43 MP: 5/5
  1394 | D:2      | Reached skill level 5 in Fighting
  1682 | D:2      | Noticed Natasha
  1689 | D:2      | Killed Natasha
  2868 | D:3      | Reached XP level 6. HP: 48/48 MP: 6/6
  2872 | D:3      | Reached skill level 6 in Fighting
  2977 | D:3      | Found a burning altar of Makhleb.
  2979 | D:3      | Noticed a blizzard demon
  3527 | D:3      | Found a hazy altar of Hepliaklqana.
  3920 | D:4      | Reached skill level 7 in Fighting
  3941 | D:4      | Reached XP level 7. HP: 33/60 MP: 7/7
  4383 | D:4      | Found a staircase to the Ecumenical Temple.
  4393 | Temple   | Entered the Ecumenical Temple
  4446 | D:3      | Became a worshipper of Hepliaklqana the Forgotten
  4481 | D:5      | Entered Level 5 of the Dungeon
  4640 | D:4      | Noticed Pikel
  4645 | D:4      | Noticed Edmund
  4649 | D:4      | Killed Pikel
  4650 | D:4      | Reached skill level 9 in Fighting
  4650 | D:4      | Reached XP level 8. HP: 42/72 MP: 8/8
  4655 | D:4      | Slain by Edmund

Illustrated notes

Levels and vault maps discovered:
D:1:      sevenhm_arrival_forest_fort_small_6, layout_basic,
          chequers_ecumenical_altar_simple_redux, minmay_strange_pillars,
          minmay_misc_feat_chi, minmay_quantized
D:2:      layout_basic, uniq_natasha
D:3:      layout_loops_corners, nzn_hepliaklqana_mist_gate,
          makhleb_altar_promises_db, st_stairs_4, minmay_door_square,
          minmay_goblin_kobold_house
D:4:      layout_loops_corners, minmay_temple_entry_grid, gup_sewer_entry_glass,
          st_stairs_2, glass_columns_b, uniq_edmund, uniq_pikel
D:5:      layout_loops_ring, general_overflow_altar,
          pf_guarded_unrand_woodcutter
Temple:   mainiacjoe_temple_coin_purse

Skill      XL: |  1  2  3  4  5  6  7 |
---------------+----------------------+-----
Fighting       | 2 3 4 5 7 9 |  9.9
Dodging        | |  1.7
Unarmed Combat | |  3.0
Shapeshifting  | |  3.2

Action                     |  1- 3 |  4- 6 |  7- 9 || total
---------------------------+-------+-------+-------++-------
  Melee: Unarmed           |    21 |       |       ||    21
         Lajatang          |    31 |   156 |    50 ||   237
   Stab: Sleeping          |       |     2 |       ||     2
 Armour: Animal skin       |    29 |   100 |    30 ||   159
  Dodge: Dodged            |    35 |   120 |    36 ||   191

Table legend: (Time is in decaauts)
 A = Elapsed time spent in this place.
 B = Non-inter-level travel time spent in this place.
 C = Inter-level travel time spent in this place.
 D = Time resting spent in this place.
 E = Time spent auto-exploring this place.
 F = Levels seen in this place.
 G = Mean time per level.
                   A        B        C        D        E       F      G
               +--------+--------+--------+--------+--------+-----+--------+
         Total |   4749 |   4444 |    305 |    295 |   3327 |   6 |  791.5 |
       Dungeon |   4747 |   4443 |    304 |    295 |   3327 |   5 |  949.4 |
        Temple |      1 |      0 |      1 |      0 |      0 |   1 |    1.0 |
               +--------+--------+--------+--------+--------+-----+--------+

Top non-repeatable levels by time:
     D:3: 1669 daAuts
     D:2: 1291 daAuts
     D:1: 911 daAuts
     D:4: 808 daAuts
     D:5: 66 daAuts
  Temple: 1 daAuts
